 Dungeon Crawl Stone Soup version 0.30-a0-782-ge64f9170bb (webtiles) character file.

Game seed: 935895874555518458

1586 tilp the Carver (level 9, -2/71 (78) HPs)
             Began as a Meteoran Fighter on Feb 22, 2023.
             Slain by a wight
             ... wielding a +2 spear
              (4 damage)
             ... on level 6 of the Dungeon.
             The game lasted 00:10:47 (2687 turns).

tilp the Carver (Meteoran Fighter)                  Turns: 2687, Time: 00:10:47

HP:   -2/71 (78)    AC: 15    Str: 18    XL:     9   Next: 37%
MP:   10/10         EV:  7    Int: 11    God:
Gold: 207           SH:  5    Dex: 17    Spells: 8/8 levels left

rFire   . . .      SeeInvis +    a - +0 long sword
rCold   . . .      Faith    .    c - +0 buckler
rNeg    . . .      Spirit   .    D - +0 plate armour
rPois   .          Reflect  .    o - +0 helmet
rElec   .          Harm     .    (no cloak)
rCorr   .          Rampage  .    w - +0 pair of gloves
Will    +....                    d - +0 pair of boots Stlth
                                 s - amulet of the acrobat
HPRegen 0.31/turn                C - ring of see invisible
MPRegen 0.12/turn                (no ring)

@: on berserk cooldown, slowed, glowing, drained, very slow
A: sense surroundings 2, otherworldly, glowing, explore regen
a: no special abilities


You were on level 6 of the Dungeon.
You visited 1 branch of the dungeon, and saw 6 of its levels.
You also visited: Sewer.

You collected 207 gold pieces.

Inventory:

Hand Weapons
 a - a +0 long sword (weapon)
 b - a +1 dagger of venom
 g - a +0 rapier
Missiles
 j - 33 stones
 m - 2 throwing nets
 n - 2 boomerangs
 p - 7 poisoned darts (quivered)
 E - 6 atropa-tipped darts
Armour
 c - a +0 buckler (worn)
 d - a +0 pair of boots (worn)
 o - a +0 helmet (worn)
 w - a +0 pair of gloves (worn)
 y - a +0 chain mail
 D - a +0 plate armour (worn)
Jewellery
 q - an amulet of magic regeneration
 s - an amulet of the acrobat (around neck)
 C - a ring of see invisible (left hand)
Wands
 l - a wand of roots (5)
 u - a wand of quicksilver (8)
Scrolls
 k - a scroll of immolation
 x - 2 scrolls of fear
 z - a scroll of teleportation
 F - a scroll of brand weapon {unknown}
 G - 2 scrolls of fog {unknown}
Potions
 e - 2 potions of curing {unknown}
 f - 3 potions of brilliance
 h - a potion of magic {unknown}
 i - a potion of berserk rage
 r - 2 potions of ambrosia {unknown}
 t - a potion of attraction {unknown}
 v - a potion of degeneration {unknown}
 A - 2 potions of mutation {unknown}
 B - a potion of cancellation {unknown}


   Skills:
 * Level 6.7 Fighting
 * Level 8.3 Long Blades
 - Level 4.0 Throwing
 - Level 4.0 Armour
 + Level 4.6 Dodging
 - Level 4.0 Shields
 - Level 4.0 Evocations


You had 8 spell levels left.
You didn't know any spells.
Your spell library was empty.

Dungeon Overview and Level Annotations

Branches:
Dungeon (6/15) Zot: 928     Sewer (visited)
 Temple: D:4-7

Altars:

Shops:
D:5 :

Annotations:
D:3 dig vaults


Innate Abilities, Weirdness & Mutations

You passively map the area around you.
You are easily found by Zot.
You glow in the dark.
You regain HP and MP as you explore.


Message History

The wight barely misses you. The wight hits you with a +0 mace.
The wight barely misses you. The wight hits you with a +0 mace.
You hit the wight but do no damage.
The wight is almost destroyed.
The wight completely misses you. The wight closely misses you.
You hit the wight.
You destroy the wight!
The wight hits you but does no damage. x2
You block the wight's attack.
Items here: )))) [[[[.
You hit the wight but do no damage. The wight hits you with a +2 spear.
* * * LOW HITPOINT WARNING * * *
The wight hits you but does no damage.
You barely miss the wight. The wight barely misses you.
You hit the wight.
The wight is moderately damaged.
The wight hits you with a +2 spear.
* * * LOW HITPOINT WARNING * * *
You feel drained.
* * * LOW HITPOINT WARNING * * *
The wight hits you with a +2 spear.
* * * LOW HITPOINT WARNING * * *
You hit the wight but do no damage.
The wight is lightly damaged.
The wight hits you with a +2 spear.
* * * LOW HITPOINT WARNING * * *
You closely miss the wight.
The wight is lightly damaged.
The wight hits you with a +2 spear!
* * * LOW HITPOINT WARNING * * *
You block the wight's attack.
You hit the wight.
The wight is moderately damaged.
The wight hits you but does no damage.
You closely miss the wight.
The wight is moderately damaged.
The wight closely misses you. The wight hits you with a +2 spear!
* * * LOW HITPOINT WARNING * * *
You feel drained.
You die...

########### *
#.......... , ,
#.######### .##
#####.......... *
....,,* #......########
, , .#...,
#.###..######## * , ,
......#####.#
#.......... , *
#.....z@...###..########
* ###...####...)..#
....## ,#..... ,
#####..# , #... ,
......), #..# .#####
##..... #..##. # ###...,
* #....., ... #... ,*
##... #### , #### ,
#..### * # , * #.... ,,
.


You could see a wight.

Vanquished Creatures
  Sigmund (D:5)
  A sky beast (D:4)
  A black bear (D:4)
  2 centaurs
  Blork the orc (D:5)
  2 necrophages
  4 wights (D:6)
  2 jellies
  2 orc priests
  A gnoll bouda (D:6)
  3 iguanas
  Jessica (D:3)
  4 orc wizards
  A hell rat (Sewer)
  Robin (D:4)
  5 gnolls
  3 river rats
  11 adders
  A white imp (D:5)
  An ufetubus (D:6)
  A dart slug (D:5)
  3 worms
  11 orcs
  5 bats
  6 endoplasms
  A giant cockroach (D:4)
  12 goblins
  9 hobgoblins
  2 jackals (D:3)
  6 kobolds
  2 quokkas (D:3)
  5 ball pythons
  A frilled lizard (D:2)
  9 rats
121 creatures vanquished.

Vanquished Creatures (others)
  A demonic plant (D:2)
1 creature vanquished.

Grand Total: 122 creatures vanquished

Notes
Turn   | Place    | Note
-------+----------+-------------------------------------------
     0 | D:1      | tilp the Meteoran Fighter began the quest for the Orb.
     0 | D:1      | Reached XP level 1. HP: 19/19 MP: 2/2
    54 | D:2      | Reached XP level 2. HP: 26/26 MP: 3/3
    61 | D:2      | HP: 1/26 [worm (6)]
   126 | D:2      | Reached skill level 3 in Long Blades
   148 | D:2      | Reached skill level 1 in Dodging
   148 | D:2      | Reached XP level 3. HP: 33/33 MP: 4/4
   198 | D:4      | Reached skill level 4 in Long Blades
   198 | D:4      | Reached XP level 4. HP: 20/40 MP: 5/5
   226 | D:4      | Noticed a sky beast
   236 | D:4      | Killed a sky beast
   237 | D:4      | Reached skill level 1 in Throwing
   237 | D:4      | Reached skill level 1 in Evocations
   237 | D:4      | Reached XP level 5. HP: 46/46 MP: 6/6
   237 | D:4      | Reached XP level 6. HP: 52/52 MP: 7/7
   303 | D:4      | Reached skill level 5 in Long Blades
   345 | D:4      | Noticed a black bear
   351 | D:4      | Killed a black bear
   352 | D:4      | Reached skill level 6 in Long Blades
   489 | D:4      | Reached XP level 7. HP: 59/59 MP: 8/8
   621 | D:4      | Found a glowing drain.
   631 | Sewer    | Entered a sewer
   888 | D:3      | Noticed Jessica
   892 | D:3      | Killed Jessica
  1370 | D:2      | Found a faded altar of an unknown god.
  1448 | D:4      | Reached XP level 8. HP: 67/67 MP: 9/9
  1562 | D:4      | Noticed Robin
  1605 | D:4      | Killed Robin
  1691 | D:4      | Reached skill level 5 in Fighting
  1694 | D:5      | Entered Level 5 of the Dungeon
  2094 | D:5      | Reached skill level 7 in Long Blades
  2129 | D:5      | Noticed Blork the orc
  2140 | D:5      | Killed Blork the orc
  2332 | D:5      | Noticed Sigmund
  2348 | D:5      | Killed Sigmund
  2349 | D:5      | Gained mutation: You passively map the area around you.
                  | [Meteoran growth]
  2349 | D:5      | Reached XP level 9. HP: 75/75 MP: 10/10
  2383 | D:5      | Found Iluast's Book Shop.
  2640 | D:6      | Identified the +6 spear of the Burning Stork {drain, Dex+5}
  2665 | D:6      | Reached skill level 8 in Long Blades
  2687 | D:6      | HP: 2/73 [wight/+2 spear (9)]
  2687 | D:6      | Slain by a wight

Illustrated notes

Levels and vault maps discovered:
D:1:      minmay_arrival_five_plusses, layout_basic
D:2:      layout_loops_ring, dreamdust_ecumenical_altar_sealed_demon,
          ebering_dispersal_statue_hall
D:3:      layout_basic, serial_glass, glass_columns_a, glass_columns_a,
          glass_columns_c, glass_columns_a, glass_columns_b, glass_columns_c,
          glass_columns_b, glass_columns_c, feat_on_display,
          due_unseen_surprise, minmay_strange_pillars, item_on_display_a,
          uniq_jessica
D:4:      layout_loops_corners, portal_sewer_entry_c, uniq_robin
D:5:      layout_basic, serial_shops, nicolae_shop_hallway_stairs,
          small_statue_intersection, chequers_serial_rivers_room_b,
          uniq_sigmund, uniq_blork_the_orc
D:6:      dreamdust_elfheim, layout_loops_ring, chequers_garden,
          dreamdust_gnoll_farm, uniq_edmund

Skill      XL: |  1  2  3  4  5  6  7  8  9 |
---------------+----------------------------+-----
Long Blades    | 3 4 6 7 8 |  8.3
Dodging        | 1 2 4 |  4.6
Fighting       | 4 6 |  6.7
Throwing       | 1 2 3 4 |  4.0
Evocations     | 1 2 3 4 |  4.0
Armour         | 4 |  4.0
Shields        | 4 |  4.0

Action                     |  1- 3 |  4- 6 |  7- 9 || total
---------------------------+-------+-------+-------++-------
  Melee: Long sword        |    66 |    32 |   434 ||   532
  Evoke: Wand              |       |     1 |       ||     1
    Use: Scroll            |     1 |       |     6 ||     7
         Potion            |       |       |     3 ||     3
 Armour: Scale mail        |    39 |    23 |    60 ||   122
         Chain mail        |       |       |    61 ||    61
         Plate armour      |       |       |   104 ||   104
  Dodge: Dodged            |    16 |    17 |   145 ||   178
  Block: Buckler           |    20 |     5 |   131 ||   156

Table legend: (Time is in decaauts)
 A = Elapsed time spent in this place.
 B = Non-inter-level travel time spent in this place.
 C = Inter-level travel time spent in this place.
 D = Time resting spent in this place.
 E = Time spent auto-exploring this place.
 F = Levels seen in this place.
 G = Mean time per level.
                   A        B        C        D        E       F      G
               +--------+--------+--------+--------+--------+-----+--------+
         Total |   2775 |   2329 |    446 |      2 |      0 |   7 |  396.4 |
       Dungeon |   2670 |   2224 |    446 |      0 |      0 |   6 |  445.0 |
         Sewer |    104 |    104 |      0 |      2 |      0 |   1 |  104.0 |
               +--------+--------+--------+--------+--------+-----+--------+

Top non-repeatable levels by time:
     D:4: 968 daAuts
     D:5: 701 daAuts
     D:3: 621 daAuts
     D:2: 182 daAuts
     D:6: 134 daAuts
   Sewer: 104 daAuts
     D:1: 62 daAuts
